 Dungeon Crawl Stone Soup version 0.21.1-1-g345015f (webtiles) character file.

121 microfolk the Caller (level 5, -7/35 HPs)
             Began as a Merfolk Summoner on Feb 20, 2018.
             Killed by nerve-wracking pain
             ... invoked by an orc priest
              (10 damage)
             ... on level 3 of the Dungeon.
             The game lasted 00:11:15 (4287 turns).

microfolk the Caller (Merfolk Summoner)             Turns: 4287, Time: 00:11:16

Health: -7/35      AC:  2    Str:  8    XL:     5   Next: 5%
Magic:  7/9        EV: 14    Int: 15    God:
Gold:   126        SH:  0    Dex: 15    Spells: 3/9 levels left

rFire    . . .     SeeInvis .   (no weapon)
rCold    . . .     Gourm    .   (no shield)
rNeg     . . .     Faith    .   a - +0 robe
rPois    .         Spirit   .   (no helmet)
rElec    .         Reflect  .   (no cloak)
rCorr    .         Harm     .   (no gloves)
MR       .....                  (no boots)
Stlth    ++........             (no amulet)
HPRegen  0.11/turn              (no ring)
MPRegen  0.11/turn              (no ring)

@: no status effects
A: change form in water, swift swim, stealthy swim
a: no special abilities


You were on level 3 of the Dungeon.
You were hungry.

You visited 1 branch of the dungeon, and saw 3 of its levels.

You collected 126 gold pieces.

Inventory:

Missiles
 e - 16 javelins
 f - 19 sling bullets
 l - 115 stones (quivered)
Armour
 a - a +0 robe (worn)
 g - a +0 helmet
 o - a +0 pair of boots
 s - a +0 helmet
Jewellery
 h - a +3 ring of protection {unknown}
Wands
 t - a wand of paralysis (19)
Scrolls
 j - a scroll of identify
 k - a scroll of teleportation
 m - a scroll of immolation {unknown}
 p - a scroll of blinking {unknown}
 q - a scroll of fear {unknown}
 r - 2 scrolls of enchant weapon {unknown}
 u - a scroll of magic mapping {unknown}
Potions
 d - 2 potions of magic
 i - a potion of agility
 n - 2 potions of flight
Books
 b - a book of Callings

   Spells                             Type                      Level
   a - Summon Small Mammal            Summoning                    1
   b - Call Imp                       Summoning                    2
   c - Call Canine Familiar           Summoning                    3
   d - Summon Guardian Golem          Hexes/Summoning              3
   e - Summon Lightning Spire         Summoning/Air                4
   f - Summon Ice Beast               Ice/Summoning                4
Comestibles
 c - 7 rations


   Skills:
 + Level 4.2 Dodging
 - Level 3.0 Stealth
 + Level 2.9 Spellcasting
 + Level 4.7 Summonings


You had 3 spell levels left.
You knew the following spells:

 Your Spells              Type           Power        Failure   Level  Hunger
a - Summon Small Mammal   Summ           ###.         3%          1    #......
b - Call Imp              Summ           ###.....     4%          2    ##.....
c - Call Canine Familiar  Summ           ###.....     9%          3    ###....


Dungeon Overview and Level Annotations

Branches:
Dungeon (3/15)

Altars:
Ashenzari
Xom


Message History

You hit the orc priest but do no damage.
The orc priest is severely wounded.
Your hound barely misses the orc priest.
The orc priest closely misses you.
Your hound bites the orc priest.
The orc priest hits your hound with a whip.
Your hound barely misses the orc priest.
The orc priest looks encouraged for a moment.
The orc priest invokes the aid of Beogh against your hound.
Your hound writhes in agony!
Your hound barely misses the orc priest.
Your hound completely misses the orc priest.
The orc priest hits your hound with a whip.
Your hound dies!
Your hound's corpse disappears in a puff of smoke!
The orc priest shouts!
The orc priest looks satisfied for a moment.
The orc priest mumbles some strange prayers to Beogh against you.
Pain shoots through your body!
You die...

......#.....#
......#.##........
#.....#.######.#.#
.#..#....# #.# ...
.#.......# #.# #.#
......#......# #.#
.#)####.####.# #.#
.#........##.# #.#
##.####.#.##.###@# #.#
#.#.)..†...# #.#
#.#..#.#.#.#
##.####.#..#.#.#.#
...........#.#.#o#
...##.#........#.#######
...##.#......###.......#
..................####.#
...##.........#.......[#


You could see an orc priest.

Vanquished Creatures
  An adder (D:2)
  A leopard gecko (D:2)
  A bat (D:1)
  2 hobgoblins (D:2)
  A ball python (D:1)
  3 frilled lizards
  2 goblins
  2 kobolds
  3 rats
16 creatures vanquished.

Vanquished Creatures (collateral kills)
  An orc wizard (D:3)
  Natasha (D:3)
  Robin (D:2)
  3 adders
  2 oozes
  3 worms
  A dart slug (D:2)
  A leopard gecko (D:2)
  3 orcs (D:3)
  8 bats
  A giant cockroach (D:2)
  11 hobgoblins
  3 jackals (D:1)
  5 kobolds
  A frilled lizard (D:1)
  9 goblins
  4 rats
58 creatures vanquished.

Grand Total: 74 creatures vanquished

Notes
Turn   | Place    | Note
-------+----------+-------------------------------------------
     0 | D:1      | microfolk the Merfolk Summoner began the quest for the Orb.
     0 | D:1      | Reached XP level 1. HP: 13/13 MP: 3/3
   622 | D:1      | Reached XP level 2. HP: 19/19 MP: 3/5
   629 | D:1      | Learned a level 2 spell: Call Imp
  1466 | D:2      | Reached XP level 3. HP: 15/24 MP: 2/6
  1472 | D:2      | Learned a level 3 spell: Call Canine Familiar
  1491 | D:2      | Noticed Robin
  1665 | D:2      | Killed Robin
  2348 | D:2      | Reached XP level 4. HP: 27/30 MP: 4/7
  2716 | D:2      | Found a shattered altar of Ashenzari.
  3342 | D:3      | Found a shimmering altar of Xom.
  3353 | D:3      | Found a shimmering altar of Xom.
  3354 | D:3      | Found a shimmering altar of Xom.
  3355 | D:3      | Found a shimmering altar of Xom.
  3356 | D:3      | Found a shimmering altar of Xom.
  3585 | D:3      | Noticed Natasha
  3597 | D:3      | Killed Natasha
  3961 | D:3      | Reached XP level 5. HP: 18/35 MP: 0/9
  4269 | D:3      | HP: 1/35 [orc priest/divine providence (13)]
  4287 | D:3      | Killed from afar by an orc priest

Skill      XL: |  1  2  3  4 |
---------------+-------------+-----
Dodging        | 3 4 |  4.2
Stealth        | 3 |  3.0
Spellcasting   | |  2.9
Summonings     | |  4.7

Action                   |  1- 3 |  4- 6 || total
-------------------------+-------+-------++-------
Melee: Unarmed           |   153 |    95 ||   248
Throw: Stone             |    15 |     4 ||    19
 Cast: Summon Small Mamm |    13 |       ||    13
       Call Imp          |    12 |    22 ||    34
       Call Canine Famil |    10 |     4 ||    14
  Use: Scroll            |       |     5 ||     5
 Stab: Sleeping          |     4 |     1 ||     5
       Distracted        |     1 |       ||     1
  Eat: Chunk             |     7 |     4 ||    11
       Ration            |       |     1 ||     1
Armor: Robe              |    38 |    32 ||    70
Dodge: Dodged            |   178 |   130 ||   308
